 Dungeon Crawl Stone Soup version 0.19.1 (webtiles) character file.

36952 DarthKuruptios2 the Fighter (level 13, -31/87 HPs)
             Began as a Gargoyle Berserker on Dec 12, 2016.
             Was an Elder of Trog.
             Killed from afar by a fire dragon (58 damage)
             ... with a blast of flame
             ... on level 6 of the Lair of Beasts.
             The game lasted 00:42:42 (13501 turns).

DarthKuruptios2 the Fighter (Gargoyle Berserker)   Turns: 13501, Time: 00:42:44

Health: -31/87     AC: 36    Str: 23    XL:     13   Next: 93%
Magic:  13/13      EV:  9    Int:  5    God:    Trog [****..]
Gold:   972        SH: 11    Dex: 20    Spells: 0 memorised, 12 levels left

rFire  x . .     SeeInvis .     y - +7 Screaming Sword
rCold  + + .     Gourm    .     L - +3 plate armour {rN+}
rNeg   + + .     Faith    .     U - +0 shield
rPois  ∞         Spirit   .     K - +0 helmet of Pan-Flutes {+Inv rF- rC++ rCorr}
rElec  +         Reflect  .     t - +2 cloak
rCorr  +         Harm     .     w - +3 pair of gauntlets of War {Slay+5}
MR     ++...                    I - +0 pair of boots
Stlth  ..........               d - amulet of regeneration
                                J - +2 ring of dexterity
                                R - +3 ring of dexterity

@: flying, regenerating
A: big wings, agile 1, dopey 1, negative energy resistance 1, electricity
resistance, unbreathing, petrification resistance, rot immunity, AC +9
a: Stop Flying, Berserk, Trog's Hand, Brothers in Arms, Burn Spellbooks,
Renounce Religion, Evoke Invisibility


You were on level 6 of the Lair of Beasts.
You worshipped Trog.
Trog was greatly pleased with you.
You were hungry.

You visited 2 branches of the dungeon, and saw 16 of its levels.

You collected 1171 gold pieces.
You spent 199 gold pieces at shops.

Inventory:

Hand Weapons
 h - a +0 shortbow
 n - the +1 mace of Qappoit {protect, rPois rN+}
   (You took it off an orc on level 4 of the Dungeon)

   It protects the one who uses it against injury (+AC on strike).
   It protects you from poison.
   It protects you from negative energy.
 y - the +7 Screaming Sword (weapon)
   (You found it on level 5 of the Dungeon)
 H - a +2 antimagic demon blade
Missiles
 i - 91 bolts
 l - 175 arrows
 O - 7 steel javelins (quivered)
Armour
 s - a +2 helmet
 t - a +2 cloak (worn)
 w - the +3 pair of gauntlets of War (worn) {Slay+5}
   (You found it on level 5 of the Dungeon)

   It affects your accuracy and damage with ranged weapons and melee attacks
   (+5).
 I - a +0 pair of boots (worn)
 K - the +0 helmet of Pan-Flutes (worn) {+Inv rF- rC++ rCorr}
   (You found it on level 10 of the Dungeon)

   It makes you vulnerable to fire.
   It greatly protects you from cold.
   It lets you turn invisible.
   It protects you from acid and corrosion.
 L - a +3 plate armour of positive energy (worn)
 U - a +0 shield (worn)
Jewellery
 b - the ring of Lucidity {rElec rN+ MR+ Dex-5}
   (You found it on level 4 of the Dungeon)

   [ring of protection from magic]

   It affects your dexterity (-5).
   It insulates you from electricity.
   It protects you from negative energy.
   It affects your resistance to hostile enchantments.
 d - an amulet of regeneration (around neck)
 e - an uncursed ring of fire
 f - an uncursed amulet of guardian spirit
 J - a +2 ring of dexterity (right hand)
 R - a +3 ring of dexterity (left hand)
Wands
 B - a wand of digging (21/24)
 X - a wand of iceblast (6/15)
Scrolls
 a - a scroll of recharging
 g - 5 scrolls of teleportation
 u - 2 scrolls of identify
 v - 4 scrolls of remove curse
 D - a scroll of immolation
 G - 3 scrolls of magic mapping
 P - 2 scrolls of enchant weapon
 V - a scroll of fear
Potions
 k - 4 potions of brilliance
 m - 8 potions of curing
 o - 2 potions of cancellation
 p - 3 potions of lignification
 x - a potion of cure mutation
 z - a potion of heal wounds
 A - 2 potions of ambrosia
 C - 2 potions of mutation
 F - 3 potions of haste
 M - a potion of resistance
 Q - a potion of might {unknown}
 S - a potion of agility
Miscellaneous
 N - a phial of floods
Comestibles
 c - 6 bread rations
 j - 10 slices of pizza
 q - 5 beef jerkies
 r - 6 meat rations
 T - 6 royal jellies
 W - 3 fruits


   Skills:
 + Level 12.6 Fighting
 + Level 11.7 Long Blades
 - Level 6.5 Maces & Flails
 - Level 9.5 Bows
 + Level 9.0 Armour
 + Level 6.0 Dodging
 - Level 1.2 Stealth
 * Level 6.4 Shields


You had 12 spell levels left.
You didn't know any spells.

Dungeon Overview and Level Annotations

Branches:
Dungeon (10/15)            Temple (0/1) D:5            Lair (6/6) D:10
 Shoals (0/4) Lair:4       Spider (0/4) Lair:4        Slime (0/5) Lair:5
    Orc (0/2) D:10

Altars:
Nemelex Xobeh
Trog
Beogh

Shops:
D:5 [:   D:9 %   D:10 !

Annotations:
D:10 Sonja


Innate Abilities, Weirdness & Mutations

You are resistant to torment.
Your stone body is resilient. (AC +9)
You are immune to poison.
You resist negative energy. (rN+)
You are resistant to electric shocks. (rElec)
You can survive without breathing.
You are immune to petrification.
You are immune to rotting.
Your large and strong wings let you fly indefinitely.
You are agile. (Dex +2)
You are dopey. (Int -2)


Message History

Your shield and plate armour prevent you from hitting the fire dragon.
The fire dragon is heavily wounded.
The fire dragon breathes flames at you. The blast of flame hits you!
The fire burns you terribly!
Ouch! That really hurt!
* * * LOW HITPOINT WARNING * * *
You hear a roar!
You feel much better.
You are engulfed in a cloud of scalding steam.
* * * LOW HITPOINT WARNING * * *
The fire dragon bites you but does no damage.
You block the fire dragon's attack. x2
Your skin crawls.
You feel resistant to hostile enchantments.
You feel somewhat more hungry.
You are engulfed in a cloud of scalding steam.
The fire dragon breathes flames at you. The blast of flame hits you!
The fire burns you terribly!
Ouch! That really hurt!
You die...

≈≈≈≈≈♣P♣♣♣..♣♣##..###.......
♣♣♣.♣≈....♣.♣ #...#.#......
♣♣.≈≈...♣♣♣ #..###.......
♣♣P≈≈≈≈.≈♣♣ #...##.......
♣♣♣≈≈♣≈.≈♣♣##..###......
♣♣P♣†≈≈P♣##..##.......
♣.♣♣♣♣♣≈≈≈♣#P.##........
.≈≈≈.♣♣≈≈≈♣#............
≈≈≈l..D@§.♣#............
≈≈≈≈≈≈≈≈P.♣##....#####.#
≈≈≈≈≈≈≈...♣#.##### #.##
≈≈≈≈≈≈...♣♣## ### ≈≈≈≈≈..♣♣♣
♣♣♣♣♣♣♣


You could see a fire dragon and a basilisk.

Vanquished Creatures
  The ghost of DarthKuruptios2 the Archer, a journeyman GrBe of Trog (Lair:5)
  4 hydras
  A catoblepas (Lair:6)
  Urug (Lair:2)
  An unseen horror (D:10)
  Pikel (D:5)
  2 manticores
  7 elephants
  A siren (Lair:4)
  6 black mambas
  7 spiny frogs
  5 komodo dragons
  2 rime drakes
  A jumping spider (Lair:4)
  A queen bee (Lair:3)
  The ghost of thesun the Chopper, an amateur HOFi (D:4)
  A two-headed ogre (D:9)
  2 polar bears
  2 trolls
  13 blink frogs
  2 hippogriffs
  3 slime creatures
  29 yaks
  6 wyverns
  2 basilisks
  A human (D:8)
  A hungry ghost (D:10)
  A steam dragon (Lair:6)
  A mottled dragon (Lair:6)
  2 wargs (D:10)
  14 water moccasins
  8 porcupines
  3 swamp drakes (Lair:6)
  7 black bears
  4 orc warriors
  2 ice beasts (D:8)
  4 sky beasts
  3 wolves (Lair:3)
  6 ogres
  13 crocodiles
  A centaur (D:5)
  Blork the orc (D:5)
  3 big kobolds (D:10)
  14 bullfrogs
  9 scorpions
  5 wights (D:9)
  21 killer bees (Lair:3)
  3 howler monkeys
  An electric eel (Lair:1)
  7 crimson imps
  4 jellies
  A bullfrog zombie (D:9)
  Crazy Yiuf (D:7)
  A gnoll shaman (D:8)
  7 orc priests
  A bullfrog skeleton (D:10)
  5 hounds
  A centaur skeleton (D:4)
  Jessica (D:3)
  An iguana (D:9)
  3 orc wizards
  4 worker ants
  A hound skeleton (D:8)
  A worker ant zombie (D:5)
  10 gnolls
  8 adders
  A river rat (Lair:6)
  4 shadow imps
  An adder skeleton (D:7)
  2 worms (D:3)
  4 dart slugs
  4 leopard geckos
  39 orcs
  5 bats
  5 giant cockroaches
  3 goblins
  6 hobgoblins
  10 jackals
  5 quokkas
  3 frilled lizards
  A jackal skeleton (D:5)
  22 kobolds
  A leopard gecko zombie (D:6)
  10 rats
  A fungus (D:7)
  A plant (Lair:6)
415 creatures vanquished.

Vanquished Creatures (collateral kills)
  2 oklob plants (Lair:3)
  2 elephants (Lair:3)
  A steam dragon (Lair:3)
  A water moccasin (Lair:3)
  8 killer bees (Lair:3)
  A river rat (Lair:3)
  A fungus (Lair:3)
  A plant (Lair:3)
17 creatures vanquished.

Vanquished Creatures (others)
  2 slaves (D:5)
  3 scorpions (D:5)
  3 bats (D:5)
  7 fungi
  5 plants
20 creatures vanquished.

Grand Total: 452 creatures vanquished

Notes
Turn   | Place    | Note
-------+----------+-------------------------------------------
     0 | D:1      | DarthKuruptios2 the Gargoyle Berserker began the quest for the Orb.
     0 | D:1      | Reached XP level 1. HP: 14/14 MP: 1/1
    99 | D:1      | Reached XP level 2. HP: 10/19 MP: 2/2
   446 | D:1      | Reached XP level 3. HP: 23/24 MP: 3/3
   858 | D:2      | Reached ** piety under Trog
   901 | D:2      | Reached skill level 4 in Fighting
  1072 | D:2      | Reached XP level 4. HP: 21/29 MP: 4/4
  1662 | D:3      | Noticed Jessica
  1670 | D:3      | Killed Jessica
  1670 | D:3      | Reached XP level 5. HP: 25/33 MP: 5/5
  1990 | D:4      | Noticed thesun's ghost (amateur HOFi)
  2007 | D:4      | Killed thesun's ghost
  2007 | D:4      | Reached skill level 5 in Maces & Flails
  2007 | D:4      | Reached XP level 6. HP: 36/40 MP: 6/6
  2237 | D:4      | Got a heavily runed bronze ring
  2238 | D:4      | Identified the ring of Lucidity {rElec rN+ MR+ Dex-5} (You found it on level 4 of the Dungeon)
  2572 | D:4      | Reached XP level 7. HP: 44/44 MP: 7/7
  2595 | D:4      | Got a bone mace {protect}
  2596 | D:4      | Identified the +1 mace of Qappoit {protect, rPois rN+} (You took it off an orc on level 4 of the Dungeon)
  2790 | D:4      | Reached skill level 5 in Fighting
  2903 | D:5      | Entered Level 5 of the Dungeon
  2917 | D:5      | Reached skill level 1 in Stealth
  2930 | D:5      | Found Ecympol's Antique Armour Boutique.
  2969 | D:5      | Reached *** piety under Trog
  3093 | D:5      | Found Biec's Book Shoppe.
  3124 | D:5      | Noticed Blork the orc
  3144 | D:5      | Killed Blork the orc
  3284 | D:5      | Found a staircase to the Ecumenical Temple.
  3569 | D:5      | Reached skill level 5 in Armour
  3577 | D:5      | Reached XP level 8. HP: 35/49 MP: 8/8
  3636 | D:5      | Noticed Pikel
  3649 | D:5      | Killed Pikel
  3649 | D:5      | Reached skill level 6 in Fighting
  3979 | D:6      | Reached skill level 5 in Bows
  4012 | D:6      | Reached skill level 1 in Long Blades
  4017 | D:6      | Gained mutation: You are robust. (+10% HP) [mutagenic meat]
  4036 | D:6      | Reached XP level 9. HP: 56/61 MP: 9/9
  4116 | D:6      | Gained mutation: You are partially covered in thin metallic scales. (AC +2) [mutagenic meat]
  4117 | D:6      | Gained mutation: You regenerate slowly when monsters are visible. [mutagenic meat]
  4118 | D:6      | Gained mutation: You tend to lose your temper in combat. [mutagenic meat]
  4120 | D:6      | Gained mutation: You are dopey. (Int -2) [mutagenic meat]
  4121 | D:6      | Gained mutation: You passively map a small area around you. [mutagenic meat]
  4719 | D:7      | Reached **** piety under Trog
  4720 | D:7      | Reached skill level 7 in Fighting
  5048 | D:7      | Received a gift from Trog
  5356 | D:7      | Found a runed door.
  5360 | D:7      | Noticed Crazy Yiuf
  5364 | D:7      | Killed Crazy Yiuf
  5376 | D:7      | Lost mutation: You are robust. (+10% HP) [potion of cure mutation]
  5376 | D:7      | Lost mutation: You passively map a small area around you. [potion of cure mutation]
  5376 | D:7      | Lost mutation: You are dopey. (Int -2) [potion of cure mutation]
  5376 | D:7      | Lost mutation: You are partially covered in thin metallic scales. (AC +2) [potion of cure mutation]
  5376 | D:7      | Lost mutation: You regenerate slowly when monsters are visible. [potion of cure mutation]
  5376 | D:7      | Lost mutation: You tend to lose your temper in combat. [potion of cure mutation]
  5611 | D:9      | Reached skill level 5 in Long Blades
  5616 | D:9      | Paralysed by fainting for 9 turns
  5744 | D:9      | Reached skill level 8 in Fighting
  5748 | D:9      | Reached XP level 10. HP: 56/64 MP: 10/10
  6119 | D:8      | Gained mutation: You are agile. (Dex +2) [mutagenic meat]
  6120 | D:8      | Gained mutation: Your large and strong wings let you fly indefinitely. [mutagenic meat]
  6121 | D:8      | Gained mutation: You are dopey. (Int -2) [mutagenic meat]
  6442 | D:10     | Entered Level 10 of the Dungeon
  6444 | D:10     | Noticed a manticore
  6669 | D:9      | Found a sparkling altar of Nemelex Xobeh.
  6677 | D:9      | Found a bloodstained altar of Trog.
  6712 | D:9      | Found Deuxtorulu's Food Boutique.
  6721 | D:9      | Bought a meat ration for 50 gold pieces
  6721 | D:9      | Bought a beef jerky for 15 gold pieces
  6721 | D:9      | Bought a beef jerky for 15 gold pieces
  6721 | D:9      | Bought a beef jerky for 15 gold pieces
  6780 | D:9      | Reached skill level 9 in Fighting
  7048 | D:9      | Received a gift from Trog
  7331 | D:10     | Reached XP level 11. HP: 71/71 MP: 8/11
  7420 | D:10     | Got a blackened helmet
  7433 | D:10     | Killed a manticore
  7439 | D:10     | Identified the +0 helmet of Pan-Flutes {+Inv rF- rC++ rCorr} (You found it on level 10 of the Dungeon)
  7446 | D:10     | Found a staircase to the Orcish Mines.
  7487 | D:10     | Found a roughly hewn altar of Beogh.
  7554 | D:10     | Noticed Sonja
  7618 | D:10     | Reached ***** piety under Trog
  7648 | D:10     | Found Jobb's Distillery.
  7651 | D:10     | Bought a potion of heal wounds for 65 gold pieces
  7651 | D:10     | Bought a potion of curing for 39 gold pieces
  7710 | D:10     | Got a transparent crystal amulet
  7829 | D:10     | Found a staircase to the Lair.
  7864 | D:10     | Killed an unseen horror
  7864 | D:10     | Received a gift from Trog
  8289 | Lair:1   | Entered Level 1 of the Lair of Beasts
  8372 | Lair:1   | Reached skill level 10 in Fighting
  8578 | Lair:1   | Noticed a seven-headed hydra
  8588 | Lair:1   | Killed an 11-headed hydra
  9113 | Lair:2   | Noticed Urug
  9123 | Lair:2   | Killed Urug
  9123 | Lair:2   | Reached skill level 10 in Long Blades
  9134 | Lair:2   | Reached XP level 12. HP: 68/79 MP: 9/12
  9293 | Lair:2   | Received a gift from Trog
  9393 | Lair:2   | Reached skill level 11 in Fighting
 10109 | Lair:3   | Identified the amulet of Tempters {Harm *Drain MR+ Int+2} (You took it off an orc on level 10 of the Dungeon)
 10361 | Lair:3   | Received a gift from Trog
 10762 | Lair:3   | Reached XP level 13. HP: 85/85 MP: 11/13
 10769 | Lair:3   | Reached skill level 12 in Fighting
 10920 | Lair:3   | Reached skill level 5 in Dodging
 10920 | Lair:3   | Reached skill level 1 in Shields
 11445 | Lair:4   | Found a staircase to the Shoals.
 11777 | Lair:4   | Found a hole to the Spider Nest.
 12162 | Lair:5   | Found a staircase to the Slime Pits.
 12341 | Lair:5   | Noticed DarthKuruptios2's ghost (journeyman GrBe)
 12352 | Lair:5   | Killed DarthKuruptios2's ghost
 12791 | Lair:6   | Entered Level 6 of the Lair of Beasts
 12817 | Lair:6   | Reached skill level 5 in Shields
 13258 | Lair:6   | Received a gift from Trog
 13488 | Lair:6   | Noticed a fire dragon
 13501 | Lair:6   | Killed from afar by a fire dragon

Skill      XL: |  1  2  3  4  5  6  7  8  9 10 11 12 13 |
---------------+----------------------------------------+-----
Dodging        | 2 4 6 |  6.0
Fighting       | 4 5 6 8 9 10 11 12 | 12.6
Maces & Flails | 4 5 6 |  6.5
Armour         | 3 5 7 9 |  9.0
Stealth        | 1 |  1.2
Bows           | 5 6 8 9 |  9.5
Long Blades    | 1 5 8 10 11 | 11.7
Shields        | 6 |  6.4

Action                   |  1- 3 |  4- 6 |  7- 9 | 10-12 | 13-15 || total
-------------------------+-------+-------+-------+-------+-------++-------
Melee: Mace              |   119 |   126 |   177 |       |       ||   422
       Double sword      |       |       |    97 |   504 |   267 ||   868
       Demon blade       |       |       |       |     7 |       ||     7
Invok: Berserk           |     1 |     2 |     2 |     3 |     4 ||    12
       Trog's Hand       |       |     2 |     3 |     8 |     8 ||    21
       Burn Spellbooks   |       |       |     3 |     4 |     1 ||     8
       Brothers in Arms  |       |       |       |     1 |     2 ||     3
 Abil: Fly               |       |       |       |     1 |       ||     1
  Use: Scroll            |     3 |     3 |     9 |     7 |     5 ||    27
       Potion            |       |       |     2 |       |     1 ||     3
 Stab: Petrified         |       |       |       |       |     2 ||     2
       Confused          |       |       |       |       |     1 ||     1
  Eat: Chunk             |     2 |     3 |    15 |    29 |    13 ||    62
       Fruit             |       |     1 |       |     1 |     3 ||     5
       Bread ration      |       |     1 |       |       |       ||     1
       Pizza             |       |       |     1 |       |       ||     1
       Beef jerky        |       |       |     1 |       |       ||     1
Armor: Animal skin       |    23 |       |       |       |       ||    23
       Chain mail        |    43 |   109 |   272 |   104 |       ||   528
       Ring mail         |     7 |       |       |       |       ||     7
       Plate armour      |       |       |       |   403 |   276 ||   679
Dodge: Dodged            |    80 |    74 |   172 |   282 |   103 ||   711
Block: Shield            |       |       |       |       |   193 ||   193
       Rpst.: Double sword |       |       |    28 |    78 |    16 ||   122
       Demon blade       |       |       |       |     1 |       ||     1
